Description

This aggressive build order opens hatch first into an early Roach Warren, and then quickly transitions into early gamer word/BM/CC floating from the opponent

Replay - gamer_words

Build Order

Get SALT Encoding   

  12  0:00  Drone  
  13  0:12  Overlord  
  13  0:17  Drone  
  14  0:31  Drone x2  
  16  0:49  Hatchery  
  15  0:52  Drone x2  
  17  1:00  Drone  
  18  1:11  Extractor  
  17  1:15  Spawning Pool  
  17  1:17  Drone x2  
  18  1:28  Drone  
  21  2:02  Queen x2  
  21  2:03  Zergling x4  
  27  2:09  Roach Warren  
  26  2:17  Overlord  
  31  2:43  Overlord x2  
  31  3:00  Roach x2  
  31  3:05  Overlord  
  35  3:07  Roach  
  37  3:14  Roach x3  
  43  3:25  Roach x4  
  51  3:38  Ravager  
  54  3:51  Hatchery  
  57  4:16  Queen  
Spawning Tool Build Advisor. Get it on Overwolf

Analysis

based

Go to:

Details

  • Created by: asdfer4t
  • Published on: Apr 22, 2024
  • Modified on: Apr 22, 2024
  • Patch: 5.0.11
  • Difficulty: Medium
Show
View Real Time Build Order
Export as new Build Order

Comments (0)

There are no comments. Be the first!

Create an account to comment!